 Dungeon Crawl Stone Soup version 0.29-b1-12-g9e2288ab2a (webtiles) character file.

Game seed: 3552727093917465761

2977 Zeldest the Insei (level 9, -1/74 HPs)
             Began as an Octopode Transmuter on Aug 23, 2022.
             Was a Priest of Cheibriados.
             Slain by a guardian serpent (shapeshifter) (22 damage)
             ... on level 7 of the Dungeon.
             The game lasted 00:14:37 (2147 turns).

Zeldest the Insei (Octopode Transmuter)             Turns: 2147, Time: 00:14:37

Health: -1/74      AC:  8    Str: 16    XL:     9   Next: 82%
Magic:  8/13       EV: 12    Int: 27    God:    Cheibriados [***...]
Gold:   189        SH:  0    Dex: 25    Spells: 5/12 levels left

rFire   x . .      SeeInvis .     - Unarmed
rCold   + + +      Faith    .   (shield currently unavailable)
rNeg    + . .      Spirit   .   (helmet currently unavailable)
rPois   +          Reflect  .   h - amulet of regeneration
rElec   .          Harm     .   d - +6 ring of dexterity
rCorr   .          Rampage  .   i - ring of positive energy
Will    .....                   (no ring)
Stlth   ++........              (no ring)
HPRegen 1.02/turn               (no ring)
MPRegen 0.13/turn               (no ring)
                                (no ring)
                                (no ring)

@: ice-form, wereblooded, very slow
A: freezing attack, boosted hp, almost no armour, amphibious, 8 rings, large,
(camouflage 1), (gelatinous body 1), (nimble swimmer 1), (tentacles)
a: End Transformation, Renounce Religion, Bend Time, Temporal Distortion


You were on level 7 of the Dungeon.
You worshipped Cheibriados.
Cheibriados was most pleased with you.
You were a creature of crystalline ice.
You visited 2 branches of the dungeon, and saw 8 of its levels.

You collected 189 gold pieces.

Inventory:

Jewellery
 d - a +6 ring of dexterity (left front paw)
 h - an amulet of regeneration (around neck)
 i - a ring of positive energy (right front paw)
Wands
 k - a wand of charming (7)
 m - a wand of flame (20)
 w - a wand of quicksilver (3)
Scrolls
 b - a scroll of fog {unknown}
 c - a scroll of noise {unknown}
 e - 2 scrolls of poison {unknown}
 f - 3 scrolls of immolation {unknown}
 g - 3 scrolls of identify {unknown}
 j - a scroll of vulnerability {unknown}
 q - a scroll of teleportation {unknown}
 u - a scroll of fear {unknown}
 v - a scroll of summoning {unknown}
Potions
 a - a potion of flight {unknown}
 l - a potion of curing {unknown}
 n - a potion of cancellation {unknown}
 o - a potion of magic {unknown}
 p - a potion of resistance {unknown}
 r - a potion of attraction {unknown}
 s - 2 potions of berserk rage {unknown}
 t - a potion of degeneration {unknown}
 x - a potion of heal wounds
 z - a potion of lignification


   Skills:
 + Level 6.1 Fighting
 - Level 3.3 Dodging
 + Level 6.8 Unarmed Combat
 - Level 2.0 Spellcasting
 + Level 6.5 Transmutations
 + Level 4.8 Ice Magic
 + Level 5.8 Invocations


You had 5 spell levels left.
You knew the following spells:

 Your Spells              Type           Power      Damage    Failure   Level
a - Beastly Appendage     Tmut           74%        N/A       1%          1
b - Wereblood             Tmut           37%        N/A       1%          2
c - Ice Form              Ice/Tmut       33%        N/A       10%         4

Your spell library contained the following spells:

 Spells                   Type           Power      Damage    Failure   Level
 Ozocubu's Armour         Ice            28%        N/A       4%          3
 Spider Form              Tmut/Pois      20%        N/A       8%          3
 Ozocubu's Refrigeration  Ice            14%        4d10      100%        7


Dungeon Overview and Level Annotations

Branches:
Dungeon (7/15)             Temple (1/1) D:4

Altars:
Ashenzari
Cheibriados
Dithmenos
Elyvilon
Fedhas
Hepliaklqana
Kikubaaqudgha
Makhleb
Okawaru
Ru
Trog
Wu Jian
Zin

Shops:
D:1 (


Innate Abilities, Weirdness & Mutations

You are a creature of crystalline ice.
You have a powerful freezing melee attack.
Your maximum health is increased.
Your armour is entirely melded.
You are incapable of wielding weapons or throwing items.
You cannot wear most types of armour.
You are amphibious.
You can wear up to eight rings at the same time.
((Your skin changes colour to match your surroundings (Stealth+).))
((Your rubbery body absorbs attacks. (AC +1, EV +1)))
((You are camouflaged when in or above water. (Stealth+)))
((You have tentacles for arms and can constrict up to eight enemies at once.))


Message History

A wyvern simulacrum is nearby!
You hit the wyvern simulacrum.
The wyvern simulacrum is moderately damaged.
The wyvern simulacrum misses you.
You punch the wyvern simulacrum!
The wyvern simulacrum is almost destroyed.
The wyvern simulacrum barely misses you.
You punch the wyvern simulacrum!
The wyvern simulacrum vaporises!
Cheibriados thoroughly appreciates the change of pace.
You howl as the wereblood boils in your veins!
Really walk into that cloud of freezing vapour?
You are engulfed in freezing vapours.
You resist.
Your primal bloodlust has ended.
A tarantella comes into view.
The tarantella moves out of view.
Casting: Wereblood (safe; 1% risk of failure)
Confirm with . or Enter, or press ? or * to list all spells.
Your blood is infused with primal strength.
Casting: Wereblood (safe; 1% risk of failure)
Confirm with . or Enter, or press ? or * to list all spells.
You extend your transformation's duration.
A guardian serpent comes into view.
The guardian serpent shouts!
You hit the guardian serpent. You freeze the guardian serpent.
The guardian serpent is lightly wounded.
The guardian serpent hits you!
You hit the guardian serpent but do no damage.
The guardian serpent is lightly wounded.
The guardian serpent hits you.
A two-headed ogre comes into view. It is wielding two +0 giant clubs.
The two-headed ogre shouts in stereo!
You pummel the guardian serpent!! You freeze the guardian serpent!
The guardian serpent is almost dead.
The guardian serpent hits you! The guardian serpent hits you!!
* * * LOW HITPOINT WARNING * * *
You barely miss the guardian serpent.
The guardian serpent is almost dead.
The guardian serpent hits you!!
You die...

♣.♣♣ ♣♣♣♣♣♣♣.♣♣♣♣♣♣♣ ..#..#..#
.≈.♣#♣.............♣ ♣.#..#.##
≈≈≈.#♣.♣♣♣♣♣♣♣♣♣♣♣.♣ ♣.#..#...
≈≈≈.#♣.♣.........♣.♣ ♣.#......
≈≈≈.#♣.♣.♣♣♣♣♣♣♣.♣.♣# ♣.#......
≈~≈.#♣.♣.♣ #.♣.♣#.♣♣♣.#......
~≈~♣#♣.♣.♣ #.♣.♣#.....#....##
≈~≈....♣.♣ #.♣.....♣..)......
~≈~♣#♣.♣.♣ #Y♣.♣#.....#......
≈~≈.#♣.♣.♣#...OS.♣.♣#.♣♣♣.#......
≈≈≈.#♣.♣.♣♣♣♣♣♣♣♣♣.♣ ♣.#......
≈≈≈.#♣.♣...........♣ ♣.#......
≈≈≈.#♣.♣♣♣♣♣♣♣♣♣♣♣♣♣ ♣.#......
.≈.♣#♣.......♣ ♣.#...... ♣.♣♣
♣♣♣♣♣♣♣.♣ ..#...... ###
######.###### ###......
♣♣....♣.♣....♣♣ ........


You could see a two-headed ogre and a guardian serpent.

Vanquished Creatures
  Maggie (D:7)
  A kobold demonologist (D:7)
  A steam dragon (D:7)
  2 sky beasts (D:7)
  5 black bears
  2 ice beasts
  An orc warrior (D:6)
  An ogre (D:6)
  A centaur (D:7)
  A phantom (D:5)
  A bullfrog (D:6)
  3 necrophages
  3 scorpions
  A wight (D:7)
  3 killer bees (D:7)
  An electric eel (D:7)
  A wyvern simulacrum (D:7)
  2 orc priests
  A hound (D:7)
  2 jellies
  An iguana (D:4)
  2 orc wizards
  3 gnolls (D:4)
  4 adders
  9 river rats (D:5)
  2 shadow imps (D:6)
  A white imp (D:6)
  A dart slug (D:2)
  18 orcs
  5 bats
  6 endoplasms
  4 giant cockroaches
  4 hobgoblins
  2 jackals (D:1)
  6 kobolds
  4 quokkas
  4 ball pythons
  2 frilled lizards (D:1)
  6 goblins
  15 rats
133 creatures vanquished.

Vanquished Creatures (collateral kills)
  An orc wizard (D:6)
1 creature vanquished.

Vanquished Creatures (others)
  A jelly (D:6)
  An orc (D:7)
  A plant (D:7)
3 creatures vanquished.

Grand Total: 137 creatures vanquished

Notes
Turn   | Place    | Note
-------+----------+-------------------------------------------
     0 | D:1      | Zeldest the Octopode Transmuter began the quest for the
                  | Orb.
     0 | D:1      | Reached XP level 1. HP: 13/13 MP: 3/3
    52 | D:1      | Reached XP level 2. HP: 12/18 MP: 3/5
    83 | D:1      | Found Qum Nuce's Antique Weapon Emporium.
   173 | D:1      | Learned a level 2 spell: Wereblood
   323 | D:2      | Reached XP level 3. HP: 22/24 MP: 2/6
   495 | D:3      | Found a faded altar of an unknown god.
   539 | D:3      | Reached XP level 4. HP: 29/29 MP: 4/7
   635 | D:3      | You fall into a shaft and drop 3 floors!
   642 | D:5      | Entered Level 5 of the Dungeon
   662 | D:4      | Noticed a black bear
   672 | D:4      | Reached XP level 5. HP: 35/35 MP: 5/8
   676 | D:4      | Killed a black bear
   677 | D:4      | Reached XP level 6. HP: 41/41 MP: 6/9
   725 | D:4      | Found a staircase to the Ecumenical Temple.
   734 | Temple   | Entered the Ecumenical Temple
   746 | Temple   | Became a worshipper of Cheibriados the Contemplative
   883 | D:3      | Found an ornate altar of the Wu Jian Council.
   886 | D:3      | Found a white marble altar of Elyvilon.
   926 | D:3      | Found a blossoming altar of Fedhas.
   936 | D:3      | Reached skill level 1 in Invocations
  1111 | D:5      | Reached XP level 7. HP: 44/46 MP: 8/10
  1113 | D:5      | Reached * piety under Cheibriados
  1248 | D:5      | Reached skill level 1 in Ice Magic
  1347 | D:6      | Reached ** piety under Cheibriados
  1389 | D:6      | Reached skill level 5 in Unarmed Combat
  1423 | D:6      | Reached XP level 8. HP: 45/54 MP: 7/11
  1428 | D:6      | Learned a level 4 spell: Ice Form
  1646 | D:6      | Reached skill level 5 in Transmutations
  1791 | D:7      | Noticed Maggie
  1800 | D:7      | Killed Maggie
  1801 | D:7      | Reached skill level 5 in Fighting
  1801 | D:7      | Reached XP level 9. HP: 43/61 MP: 12/12
  1923 | D:7      | Reached skill level 5 in Invocations
  1924 | D:7      | Reached *** piety under Cheibriados
  2002 | D:7      | Noticed a kobold demonologist
  2005 | D:7      | Noticed an ice devil
  2009 | D:7      | Noticed a red devil
  2010 | D:7      | Killed a kobold demonologist
  2129 | D:7      | Noticed a tarantella
  2143 | D:7      | Noticed a guardian serpent
  2145 | D:7      | Noticed a two-headed ogre
  2147 | D:7      | Slain by a guardian serpent (shapeshifter)

Illustrated notes

Levels and vault maps discovered:
D:1:      erik_arrival_cave_to_civilisation [erik_arrival_cave_to_hall],
          layout_basic, serial_shops, nicolae_shop_trees
D:2:      layout_rooms, minmay_goblin_outpost
D:3:      layout_rooms, minitemple, fedhas_altar_fruit_tree,
          shapermc_ecumenical_altar_mp_vishouse, minmay_misc_feat_square
D:4:      layout_loops_ring, minmay_temple_entry_overgrown, nicolae_shop_gadgets
D:5:      layout_basic, dk_rats_in_the_wall
D:6:      layout_loops_ring, minmay_increasing_density
D:7:      nzn_winding_woodlands_cross [nzn_winding_woodlands_5x15_concentric,
          nzn_winding_woodlands_5x15_parted,
          nzn_winding_woodlands_5x15_pathside_ponds,
          nzn_winding_woodlands_5x15_river_crossing,
          nzn_winding_woodlands_15x15_boxy_spiral], layout_basic, uniq_maggie
Temple:   nicolae_temple_x_marks_the_god

Skill      XL: |  1  2  3  4  5  6  7  8  9 |
---------------+----------------------------+-----
Fighting       | 2 3 4 5 6 |  6.1
Transmutations | 3 4 5 6 |  6.5
Dodging        | 3 |  3.3
Unarmed Combat | 4 5 6 |  6.8
Invocations    | 1 3 4 5 |  5.8
Ice Magic      | 2 3 4 |  4.8
Spellcasting   | |  2.0

Action                   |  1- 3 |  4- 6 |  7- 9 || total
-------------------------+-------+-------+-------++-------
Melee: Unarmed           |    55 |    84 |   157 ||   296
       Kick              |    15 |    26 |    23 ||    64
       Constrict         |    17 |    24 |    19 ||    60
       Tentacles         |    10 |    21 |    28 ||    59
       Punch             |     2 |     1 |     4 ||     7
 Cast: Beastly Appendage |    15 |     9 |     8 ||    32
       Wereblood         |     4 |     4 |    14 ||    22
       Ice Form          |       |       |    11 ||    11
Evoke: Wand              |       |       |     7 ||     7
  Use: Potion            |       |     4 |       ||     4
 Stab: Sleeping          |     4 |     2 |     4 ||    10
Armor: Skin              |     4 |    15 |    52 ||    71
Dodge: Dodged            |    33 |    40 |    79 ||   152
